 Dungeon Crawl Stone Soup version 0.28.0-43-g3370ac3207 (webtiles) character file.

Game seed: 18240010449811716478

143 zcamperz the Chopper (level 5, 0/70 HPs)
             Began as a Minotaur Berserker on Mar 28, 2022.
             Was a Priest of Trog.
             Slain by a scorpion (3 damage)
             ... on level 4 of the Dungeon.
             The game lasted 00:03:55 (2620 turns).

zcamperz the Chopper (Minotaur Berserker)           Turns: 2620, Time: 00:03:56

Health: 0/70       AC: 22    Str: 23    XL:     5   Next: 4%
Magic:  4/4        EV:  2    Int:  4    God:    Trog [***...]
Gold:   199        SH:  0    Dex: 10    Spells: 4/4 levels left

rFire   . . .      SeeInvis .   j - +0 war axe
rCold   . . .      Faith    .   (no shield)
rNeg    . . .      Spirit   .   (armour currently unavailable)
rPois   +          Reflect  .   (helmet currently unavailable)
rElec   .          Harm     .   (cloak currently unavailable)
rCorr   .          Rampage  .   (gloves currently unavailable)
Will    .....      Clarity  +   (boots currently unavailable)
Stlth   +......... NoTele   +   (no amulet)
HPRegen 0.21/turn               m - +4 ring of slaying
MPRegen 0.09/turn               (no ring)

@: lethally poisoned (0 -> -13), tree-form
A: stationary, stasis, torment immunity, boosted hp, (horns 2), (retaliatory
headbutt), clarity, deterioration 1, (electricity resistance)
a: Renounce Religion, Berserk, Trog's Hand


You were on level 4 of the Dungeon.
You worshipped Trog.
Trog was most pleased with you.
You were a tree.
You visited 1 branch of the dungeon, and saw 4 of its levels.

You collected 199 gold pieces.

Inventory:

Hand Weapons
 j - a +0 war axe (weapon)
Armour
 h - a +0 scale mail (melded)
Jewellery
 m - a +4 ring of slaying (left branch)
Wands
 g - a wand of polymorph (8)
 i - a wand of mindburst (10)
Scrolls
 c - 5 scrolls of teleportation
 d - 2 scrolls of enchant weapon
 e - 2 scrolls of identify
 f - 2 scrolls of fog
Potions
 b - a potion of berserk rage
 k - a potion of brilliance {unknown}


   Skills:
 + Level 4.6 Fighting
 + Level 5.4 Axes
 + Level 3.2 Armour
 + Level 3.0 Dodging
 + Level 0.2 Stealth


You had 4 spell levels left.
You didn't know any spells.
Your spell library was empty.

Dungeon Overview and Level Annotations

Branches:
Dungeon (4/15)
 Temple: D:4-7

Altars:

Shops:
D:1 !(***


Innate Abilities, Weirdness & Mutations

You are a tree.
Your roots penetrate the ground, keeping you stationary.
You cannot be teleported.
You are immune to unholy pain and torment.
Your maximum health is greatly increased.
Your equipment is partially melded.
((You have a pair of horns on your head.))
((You reflexively headbutt those who attack you in melee.))
You possess an exceptional clarity of mind.
Your body sometimes deteriorates upon taking damage.
((You are resistant to electric shocks. (rElec)))


Message History

Found 20 stones.
f - 2 scrolls of fog (gained 1)
A scorpion comes into view.
Found 2 potions of mutation.
You see here 14 gold pieces.
Found 15 bolts.
The scorpion barely misses you. The scorpion stings you!
You are poisoned.
The scorpion poisons you!
Found 13 gold pieces.
You feel very sick. The scorpion stings you!
You are more poisoned.
The scorpion poisons you!
You barely miss the scorpion. You headbutt the scorpion.
The scorpion is lightly wounded.
You feel very sick. The scorpion stings you.
You barely miss the scorpion. You headbutt the scorpion.
The scorpion is moderately wounded.
You feel very sick. The scorpion stings you!
* * * LOW HITPOINT WARNING * * *
The scorpion stings you but does no damage.
You slash the scorpion! Your headbutt misses the scorpion.
The scorpion is almost dead.
* * * LOW HITPOINT WARNING * * *
You feel very sick. The scorpion stings you.
* * * LOW HITPOINT WARNING * * *
You are more poisoned.
The scorpion poisons you!
It was a potion of lignification.
You turn into a tree.
Your +0 scale mail melds into your body.
Your roots penetrate the ground.
* * * LOW HITPOINT WARNING * * *
You feel very sick. The scorpion stings you.
* * * LOW HITPOINT WARNING * * *
The scorpion stings you.
You die...

#.####.##..# ##
#..$..####..#...##...
.###
(....#.##.......#... ...
##.............#..... ..
#.##.........##...##.###
<#
..#...........##.##....#
.#
..............#.........
.##
#.....................##
..####.
...!..s♣......#........#
(......
....#..........†......##
...#.##
.......$.......!....###
...##
...#.##.............#
....#
.###.......#.....####
.......
#.......###......#
......#
......#...#....###.##
#..#.## .....##........#
#..# ..###
..##.....#...### ##.##


You could see a scorpion.

Vanquished Creatures
  An orc wizard (D:3)
  3 adders
  A worm (D:3)
  5 dart slugs
  6 orcs
  8 ball pythons
  6 endoplasms
  5 giant cockroaches
  8 goblins
  9 hobgoblins
  A quokka (D:1)
  6 bats
  4 frilled lizards
  5 kobolds
  4 rats
72 creatures vanquished.

Vanquished Creatures (others)
  5 plants (D:1)
5 creatures vanquished.

Grand Total: 77 creatures vanquished

Notes
Turn   | Place    | Note
-------+----------+-------------------------------------------
     0 | D:1      | zcamperz the Minotaur Berserker began the quest for the
                  | Orb.
     0 | D:1      | Reached XP level 1. HP: 19/19 MP: 0/0
    55 | D:1      | Found Ecoc's Distillery.
   113 | D:1      | Found Neank's Assorted Antiques.
   118 | D:1      | Found Mivio's Assorted Antiques.
   127 | D:1      | Reached XP level 2. HP: 22/27 MP: 1/1
   255 | D:1      | Found Likkoej's Assorted Antiques.
   352 | D:1      | Reached skill level 4 in Axes
   847 | D:1      | Found Dioth's Weapon Emporium.
   857 | D:1      | Reached XP level 3. HP: 32/33 MP: 2/2
   865 | D:1      | Reached ** piety under Trog
  1944 | D:3      | Reached XP level 4. HP: 41/41 MP: 3/3
  1973 | D:3      | Found a faded altar of an unknown god.
  2167 | D:3      | Reached skill level 5 in Axes
  2189 | D:3      | Gained mutation: Your body sometimes deteriorates upon
                  | taking damage. [potion of mutation]
  2189 | D:3      | Gained mutation: You possess an exceptional clarity of
                  | mind. [potion of mutation]
  2189 | D:3      | Gained mutation: You are resistant to electric shocks.
                  | (rElec) [potion of mutation]
  2377 | D:4      | Reached *** piety under Trog
  2490 | D:4      | Reached XP level 5. HP: 47/47 MP: 4/4
  2620 | D:4      | HP: 3/70 [scorpion (1)]
  2620 | D:4      | Slain by a scorpion

Illustrated notes

Levels and vault maps discovered:
D:1:      eino_arrival_cavern_d, layout_loops_cross, serial_shops, shop, shop,
          nicolae_shop_overgrown_old_shop, shop,
          nicolae_shop_bloodbath_and_beyond, st_stairs_13, minmay_3d_cube
D:2:      layout_loops_ring
D:3:      layout_basic, shapermc_ecumenical_altar_rom_forum
D:4:      layout_cave_pools, minmay_ruptured

Skill      XL: |  1  2  3  4 |
---------------+-------------+-----
Fighting       | 4 |  4.6
Axes           | 4 5 |  5.4
Armour         | 3 |  3.2
Dodging        | 3 |  3.0
Stealth        | |  0.2

Action                   |  1- 3 |  4- 6 || total
-------------------------+-------+-------++-------
Melee: Hand axe          |    85 |    19 ||   104
       Headbutt          |     7 |     8 ||    15
       War axe           |       |    11 ||    11
       Punch             |       |     1 ||     1
  Use: Scroll            |       |     8 ||     8
       Potion            |       |     4 ||     4
Armor: Animal skin       |    12 |       ||    12
       Scale mail        |    13 |    15 ||    28
Dodge: Dodged            |    62 |    21 ||    83
